 Dungeon Crawl Stone Soup version 0.18.1-48-g4cf74bf (webtiles) character file.

74 tobi the Skirmisher (level 4, -2/31 HPs)
             Began as a High Elf Fighter on Sept 10, 2016.
             Slain by a worker ant (3 damage)
             ... on level 4 of the Dungeon.
             The game lasted 00:05:02 (1964 turns).

tobi the Skirmisher (High Elf Fighter)              Turns: 1964, Time: 00:05:04

Health: -2/31      AC:  6    Str: 16    XL:     4   Next: 9%
Magic:  5/5        EV:  7    Int: 12    God:
Gold:   106        SH:  9    Dex: 14    Spells: 0 memorised, 3 levels left

rFire  . . .     SeeInvis .     a - +0 long sword
rCold  . . .     Gourm    .     b - +0 scale mail
rNeg   . . .     Faith    .     c - +0 shield
rPois  .         Spirit   .     (no helmet)
rElec  .         Dismiss  +     (no cloak)
rCorr  .         Reflect  .     (no gloves)
SustAt .         Harm     .     (no boots)
MR     .....                    e - amulet of dismissal
Stlth  ..........               (no ring)
                                (no ring)

@: lethally poisoned (-2 -> -4), not resistant to hostile enchantments,
extremely unstealthy
A: no striking features
a: no special abilities


You were on level 4 of the Dungeon.
You were not hungry.

You visited 1 branch of the dungeon, and saw 4 of its levels.

You collected 106 gold pieces.

Inventory:

Hand Weapons
 a - a +0 long sword (weapon)
 f - a +0 dagger of speed
Armour
 b - a +0 scale mail (worn)
 c - a +0 shield (worn)
Jewellery
 e - an amulet of dismissal (around neck)
Scrolls
 g - a scroll of enchant armour {unknown}
 i - 2 scrolls of identify {unknown}
 j - a scroll of enchant weapon {unknown}
 n - a scroll of blinking {unknown}
Potions
 d - a potion of might
 h - a potion of magic {unknown}
 l - a potion of lignification {unknown}
 m - a potion of ambrosia {unknown}
 p - a potion of agility {unknown}
 q - 2 potions of flight {unknown}
Comestibles
 k - 2 meat rations
 o - 2 beef jerkies
 r - 2 chunks of flesh
 s - a bread ration


   Skills:
 + Level 3.5 Fighting
 + Level 3.1 Long Blades
 + Level 3.0 Armour
 + Level 0.9 Dodging
 + Level 0.5 Stealth
 + Level 3.3 Shields


You had 3 spell levels left.
You didn't know any spells.

Dungeon Overview and Level Annotations

Branches:
Dungeon (3/15)

Altars:
Nemelex Xobeh


Message History

The worker ant is almost dead.
You feel sick. You block the worker ant's attack.
You closely miss the worker ant.
The worker ant is almost dead.
The worker ant bites you. The worker ant barely misses you.
You barely miss the worker ant.
The worker ant is almost dead.
You feel sick. The worker ant bites you.
* * * LOW HITPOINT WARNING * * *
You closely miss the worker ant.
The worker ant is almost dead.
You block the worker ant's attack. The worker ant bites you.
* * * LOW HITPOINT WARNING * * *
Your shield and scale mail prevent you from hitting the worker ant.
The worker ant is almost dead.
* * * LOW HITPOINT WARNING * * *
You feel sick.
The worker ant bites you but does no damage.
The worker ant bites you.
You die...

## # .# #=
######.##
...#.......
..........##
...........#
........@a.#
...........#
..........$#
...........#
..........##
..........#
......###.#
.>.... ..
.....# ###


You could see a worker ant.

Vanquished Creatures
  2 adders (D:2)
  2 worms (D:2)
  A giant gecko (D:2)
  8 goblins
  3 hobgoblins
  10 jackals (D:2)
  10 kobolds
  2 bats (D:1)
  3 giant newts
  7 rats
48 creatures vanquished.

Notes
Turn   | Place    | Note
--------------------------------------------------------------
     0 | D:1      | tobi the High Elf Fighter began the quest for the Orb.
     0 | D:1      | Reached XP level 1. HP: 16/16 MP: 2/2
   201 | D:1      | Reached XP level 2. HP: 21/21 MP: 3/3
   597 | D:1      | Found a sparkling altar of Nemelex Xobeh.
   888 | D:2      | Reached XP level 3. HP: 5/26 MP: 4/4
  1238 | D:2      | HP: 1/26 [goblin/stone (5)]
  1821 | D:2      | Reached XP level 4. HP: 24/31 MP: 5/5
  1946 | D:2      | You fall through a shaft for 2 floors!
  1964 | D:4      | HP: 1/31 [poisoned by a worker ant]
  1964 | D:4      | Slain by a worker ant

Skill      XL: |  1  2  3 |
---------------+----------+-----
Shields        | 3 |  3.3
Armour         | 3 |  3.0
Long Blades    | 3 |  3.1
Fighting       | |  3.5
Dodging        | |  0.9
Stealth        | |  0.5

Action                   |  1- 3 |  4- 6 || total
-------------------------+-------+-------++-------
Melee: Long sword        |   134 |    25 ||   159
       Dagger            |    62 |       ||    62
  Eat: Bread ration      |     1 |       ||     1
Armor: Scale mail        |    78 |     5 ||    83
Dodge: Dodged            |    54 |     5 ||    59
Block: Shield            |   114 |    16 ||   130
